Map: Ruins of Seras

Players

PtitDrogo - Winner!

  • Race: Protoss Protoss
  • League: Grandmaster

Smile

  • Race: Terran Terran
  • League: Master

VOD

Have the link to the VOD?

Description

Time

  • Played on: March 16, 2016, 8:08 p.m.
  • Length: 9:29
Show
View Real Time Build Order
Export as new Build Order

PtitDrogo Protoss - Winner!

Build Orders: 1 Gate Expand, Oracle Opening 

Get SALT Encoding   

  12  0:01  Probe (Chrono Boost)  
  13  0:11  Probe (Chrono Boost)  
  14  0:20  Pylon  
  14  0:22  Probe (Chrono Boost)  
  15  0:38  Gateway, Probe (Chrono Boost)  
  16  0:48  Probe (Chrono Boost)  
  16  0:49  Assimilator  
  17  0:59  Probe (Chrono Boost)  
  18  1:09  Probe (Chrono Boost)  
  19  1:21  Nexus  
  19  1:24  Probe (Chrono Boost)  
  20  1:34  Cybernetics Core  
  20  1:38  Probe (Chrono Boost)  
  21  1:42  Assimilator  
  21  1:48  Probe (Chrono Boost)  
  21  1:53  Pylon  
  22  1:59  Probe (Chrono Boost)  
  23  2:11  Mothership Core (Chrono Boost)  
  23  2:12  Adept  
  27  2:21  Warp Gate  
  27  2:29  Probe (Chrono Boost)  
  28  2:33  Probe (Chrono Boost)  
  29  2:40  Probe (Chrono Boost)  
  31  2:44  Probe (Chrono Boost)  
  31  2:51  Probe (Chrono Boost), Stargate  
  32  2:52  Pylon  
  32  2:55  Probe (Chrono Boost)  
  33  3:01  Probe (Chrono Boost)  
  33  3:05  Probe (Chrono Boost)  
  35  3:12  Probe (Chrono Boost)  
  36  3:15  Gateway  
  36  3:16  Gateway, Probe (Chrono Boost)  
  37  3:22  Probe (Chrono Boost)  
  37  3:26  Probe (Chrono Boost)  
  39  3:33  Probe (Chrono Boost)  
  40  3:35  Oracle (Chrono Boost), Probe (Chrono Boost)  
  44  3:44  Probe  
  44  3:45  Probe  
  46  3:51  Nexus  
  46  3:55  Pylon  
  46  3:56  Probe x2 (Chrono Boost)  
  48  4:03  Assimilator  
  48  4:04  Assimilator  
  48  4:08  Probe x2 (Chrono Boost)  
  50  4:13  Pylon  
  50  4:21  Probe (Chrono Boost)  
  51  4:31  Sentry, Twilight Council  
  51  4:32  Stalker x2  
  51  4:33  Forge, Probe (Chrono Boost)  
  51  4:35  Probe (Chrono Boost)  
  59  4:44  Probe (Chrono Boost)  
  60  4:46  Probe (Chrono Boost)  
  61  4:54  Probe (Chrono Boost), Protoss Ground Weapons Level 1  
  61  4:56  Stalker x3  
  61  4:57  Probe (Chrono Boost)  
  69  5:04  Probe (Chrono Boost)  
  69  5:05  Probe (Chrono Boost), Pylon  
  71  5:07  Blink (Chrono Boost)  
  71  5:11  Probe  
  72  5:16  Probe  
  72  5:20  Stalker x2  
  77  5:32  Probe, Stalker  
  77  5:34  Probe  
  81  5:36  Probe  
  81  5:37  Pylon  
  82  5:43  Probe, Stalker x2  
  82  5:46  Probe  
  82  5:48  Probe  
  89  5:54  Probe  
  89  5:56  Stalker  
  92  5:58  Probe  
  92  6:00  Probe  
  94  6:04  Photon Cannon  
  94  6:07  Gateway  
  94  6:08  Gateway  
  94  6:10  Gateway  
  96  6:11  Stalker  
  96  6:12  Stalker  
  96  6:16  Assimilator  
  98  6:19  Adept  
  98  6:24  Pylon x2  
  98  6:25  Pylon  
  100  6:34  Robotics Facility  
  100  6:42  Gateway  
  100  6:43  Protoss Ground Armor Level 1  
  100  6:44  Gateway  
  100  6:45  Gateway, Adept x3  
  106  6:47  Gateway  
  106  6:52  Resonating Glaives (Chrono Boost), Photon Cannon  
  105  7:12  Stalker  
  105  7:13  Stalker x4  
  105  7:14  Adept  
  117  7:18  Pylon  
  117  7:21  Pylon  
  117  7:25  Pylon  
  117  7:27  Warp Prism (Chrono Boost)  
  119  7:41  Adept x3  
  119  7:42  Adept x5  
  135  7:57  Adept x2  
  139  8:00  Pylon, Observer (Chrono Boost)  
  139  8:01  Pylon  
  140  8:20  Adept x2  
  140  8:21  Adept x6  
  140  8:22  Adept x2  
  140  8:42  Probe  
  131  8:49  Stalker  
  131  8:50  Stalker x2, Adept x3  
  131  8:51  Adept  
  141  9:01  Probe  
  137  9:05  Adept x3  
  134  9:11  Adept x4  
  138  9:17  Adept x3  
  133  9:25  Adept x3  
Show
View Real Time Build Order
Export as new Build Order

Smile Terran 

Build Orders: Reaper Expand, MMM Bio 

Get SALT Encoding   

  12  0:01  SCV  
  13  0:13  SCV  
  14  0:19  Supply Depot  
  14  0:25  SCV  
  15  0:40  SCV  
  15  0:42  Barracks  
  16  0:46  Refinery  
  16  0:52  SCV  
  17  1:05  SCV  
  18  1:17  SCV  
  19  1:29  Reaper  
  19  1:30  Orbital Command  
  20  1:45  Command Center  
  20  1:54  Supply Depot  
  20  1:56  SCV  
  21  2:04  Barracks Reactor  
  21  2:07  Refinery  
  21  2:08  SCV  
  22  2:21  SCV  
  22  2:22  Barracks  
  23  2:33  SCV  
  23  2:35  Factory  
  24  2:41  Marine x2  
  26  2:51  SCV  
  27  3:00  Orbital Command  
  27  3:03  SCV, Marine x2  
  30  3:15  SCV  
  30  3:16  Barracks Tech Lab  
  31  3:21  Marine  
  31  3:25  Starport  
  31  3:26  SCV  
  33  3:27  SCV  
  33  3:32  Factory Reactor  
  33  3:36  Marine  
  33  3:39  SCV  
  33  3:40  Marine  
  33  3:41  Marine  
  37  3:44  Supply Depot  
  37  3:45  SCV  
  38  3:50  Stimpack  
  38  3:51  SCV  
  39  3:57  SCV, Engineering Bay  
  39  4:01  Marine  
  39  4:02  Marine  
  42  4:05  Marine  
  42  4:07  SCV  
  42  4:09  SCV  
  45  4:13  Supply Depot  
  45  4:20  SCV  
  45  4:22  Medivac x2  
  50  4:28  Missile Turret  
  50  4:29  Marine x2  
  50  4:30  Marine  
  53  4:34  SCV x2  
  55  4:38  Supply Depot  
  55  4:42  Missile Turret  
  55  4:46  SCV  
  55  4:47  Factory Reactor  
  55  4:49  Marine x2  
  55  4:51  SCV  
  59  5:05  SCV  
  60  5:07  Command Center  
  60  5:08  SCV  
  60  5:12  Marine x2  
  60  5:14  Supply Depot  
  63  5:17  SCV, Marine  
  65  5:30  Marine x2  
  65  5:34  Medivac x2  
  65  5:35  Widow Mine x2  
  72  5:39  SCV  
  72  5:40  Barracks, Marine  
  74  5:47  Barracks  
  74  5:48  Marine  
  74  5:49  Barracks  
  75  5:53  Supply Depot  
  75  5:57  Supply Depot  
  75  6:03  Liberator  
  75  6:04  Combat Shields  
  72  6:06  Liberator  
  72  6:07  Refinery x2  
  72  6:08  SCV x2  
  72  6:09  Supply Depot  
  74  6:18  Marine x2  
  74  6:19  Marauder  
  84  6:26  SCV x2  
  84  6:32  Supply Depot  
  86  6:35  Barracks Tech Lab x3  
  86  6:38  SCV, Barracks Reactor  
  87  6:41  Orbital Command  
  87  6:43  SCV  
  88  6:52  SCV, Liberator  
  89  6:54  Marine  
  89  6:55  Marine x3, Widow Mine x2, Marauder  
  89  7:01  Liberator  
  99  7:06  SCV x3  
  100  7:15  Marine x6  
  107  7:19  Supply Depot  
  107  7:20  SCV x2  
  107  7:21  Refinery  
  112  7:24  Marine  
  112  7:25  Supply Depot  
  113  7:38  SCV  
  113  7:39  SCV  
  113  7:41  Supply Depot  
  115  7:44  Marine  
  115  7:45  Marauder x3  
  122  7:51  Starport  
  122  7:53  Command Center  
  121  8:06  Marine x4, Marauder  
  121  8:07  Marauder x2  
  129  8:17  Widow Mine, Medivac x2  
  129  8:18  Widow Mine  
  137  8:23  SCV  
  137  8:24  Marine x3  
  137  8:26  Marine  
  141  8:28  Marauder x2, Supply Depot  
  141  8:40  Marine  
  115  8:41  Marine  
  115  8:42  Marine x2  
  115  8:46  Widow Mine  
  105  8:49  Marauder  
  105  8:52  Marine  
  105  8:53  Marauder  
  103  8:59  SCV  
Tags
 
Add a new tag
Caveats
  • Supply blocks, unpowered buildings, or Contaminate may cause inaccurate times.
  • Supply counts are checked every 10 seconds.